 Dungeon Crawl Stone Soup version 0.29-a0-322-g68df515428 (webtiles) character file.

Game seed: 11927961099630486752

786 chopper the Ruffian (level 7, 0/68 HPs)
             Began as a Troll Fighter on Apr 7, 2022.
             Slain by an orc wizard
             ... wielding a +0 dagger
              (2 damage)
             ... on level 5 of the Dungeon.
             The game lasted 00:24:25 (4225 turns).

chopper the Ruffian (Troll Fighter)                 Turns: 4225, Time: 00:24:27

Health: 0/68       AC:  5    Str: 27    XL:     7   Next: 56%
Magic:  6/6        EV:  9    Int:  4    God:
Gold:   267        SH:  8    Dex: 11    Spells: 6/6 levels left

rFire   . . .      SeeInvis .   v - +9 rapier "Sistraupp" {vorpal, Str+2}
rCold   . . .      Faith    .   b - +0 kite shield
rNeg    . . .      Spirit   .   z - +1 robe {Will+}
rPois   .          Reflect  .   f - +0 hat
rElec   .          Harm     .   (no cloak)
rCorr   .          Rampage  .   (gloves unavailable)
Will    ++...                   (boots unavailable)
Stlth   +.........              g - amulet of regeneration
HPRegen 1.81/turn               t - ring of willpower
MPRegen 0.10/turn               (no ring)

@: lethally poisoned (0 -> -11), hasted, very quick
A: large, unfitting armour, claws 3, regeneration 1, shaggy fur 1, tough skin 1
a: no special abilities


You were on level 5 of the Dungeon.
You visited 1 branch of the dungeon, and saw 6 of its levels.

You collected 267 gold pieces.

Inventory:

Hand Weapons
 v - the +9 rapier "Sistraupp" (weapon) {vorpal, Str+2}
   (You found it on level 3 of the Dungeon)

   It inflicts extra damage upon your enemies.
   Str:       It affects your strength (+2).
 x - a +3 mace of protection
 B - a +0 war axe
Missiles
 a - 6 curare-tipped darts
 r - 3 boomerangs (quivered)
Armour
 b - a +0 kite shield (worn)
 f - a +0 hat (worn)
 z - a +1 robe of willpower (worn)
Jewellery
 g - an amulet of regeneration (around neck)
 t - a ring of willpower (left claw)
 w - a ring of positive energy
 y - an amulet of faith
Scrolls
 d - a scroll of summoning {unknown}
 e - 4 scrolls of teleportation
 h - a scroll of magic mapping {unknown}
 i - 2 scrolls of immolation
 k - 2 scrolls of noise
 m - 4 scrolls of fear
 p - a scroll of amnesia {unknown}
 u - a scroll of torment {unknown}
Potions
 c - a potion of might
 j - a potion of resistance
 l - a potion of haste
 n - a potion of attraction
 o - 3 potions of curing
 q - 2 potions of berserk rage
 s - a potion of heal wounds
 A - a potion of lignification {unknown}
 D - a potion of degeneration {unknown}


   Skills:
 + Level 3.7 Fighting
 + Level 2.4 Short Blades
 + Level 0.8 Throwing
 + Level 3.8 Dodging
 + Level 1.0 Stealth
 + Level 3.9 Shields
 + Level 4.3 Unarmed Combat


You had 6 spell levels left.
You didn't know any spells.
Your spell library contained the following spells:

 Spells                   Type           Power      Damage    Failure   Level
 Animate Skeleton         Necr           0%         N/A       78%         1
 Apportation              Tloc           0%         N/A       78%         1
 Beastly Appendage        Tmut           0%         N/A       78%         1
 Summon Small Mammal      Summ           0%         N/A       78%         1
 Wereblood                Tmut           0%         N/A       89%         2
 Call Canine Familiar     Summ           0%         N/A       98%         3
 Dazzling Flash           Conj/Hex       0%         N/A       98%         3
 Spider Form              Tmut/Pois      0%         N/A       98%         3
 Summon Guardian Golem    Hex/Summ       0%         N/A       98%         3
 Iskenderun's Mystic Bla  Conj/Tloc      0%         2d3       100%        4
 Starburst                Conj/Fire      0%         6d3       100%        6


Dungeon Overview and Level Annotations

Branches:
Dungeon (6/15)             Temple (0/1) D:5

Altars:
The Shining One

Shops:
D:4 :

Annotations:
D:3 1 runed translucent door, Splishie's ghost, amateur GnWn


Innate Abilities, Weirdness & Mutations

You are too large for most types of armour.
You have claws for hands.
Your natural rate of healing is unusually fast.
You are covered in fur. (AC +1)
You have tough skin. (AC +1)


Message History

The water moccasin bites you.
You are more poisoned.
The water moccasin poisons you!
You hit the orc wizard.
The orc wizard is almost dead.
You feel extremely sick. You block the water moccasin's attack.
The orc wizard hits you but does no damage.
You block the shadow imp's attack. The water moccasin barely misses you.
The orc wizard casts a spell at you. The puff of flame hits you!
* * * LOW HITPOINT WARNING * * *
The shadow imp hits you but does no damage.
You closely miss the water moccasin.
You feel very sick. You block the water moccasin's attack.
The orc wizard points at you and mumbles some strange words.
The magic dart hits you.
* * * LOW HITPOINT WARNING * * *
The shadow imp hits you but does no damage.
The water moccasin bites you!
* * * LOW HITPOINT WARNING * * *
You feel much better.
You feel very sick. The water moccasin bites you.
* * * LOW HITPOINT WARNING * * *
You are lethally poisoned!
The water moccasin poisons you!
The orc wizard gestures wildly while chanting.
The orc wizard flickers and vanishes!
Deactivating autopickup; reactivate with Ctrl-A.
The shadow imp hits you.
* * * LOW HITPOINT WARNING * * *
You feel yourself speed up.
* * * LOW HITPOINT WARNING * * *
You feel extremely sick. The water moccasin bites you.
* * * LOW HITPOINT WARNING * * *
Something hits you.
You die...

##.......#### #...........#
###..[.....##.#
#..........##.# ###
#.##.....####.######<#########
###'########
#................. #........#
#.##...#.######### #......<.#
###5##...#.#########
#........#
#.S@................
#........#
#..){#.###.#########
#........# #....#.##....#
###.###### #....'.##....# #.#
#....####....# #.#
#....##......# #.#
#....##......# #.#
#....##....### #.#
#....##....# ##


You could see a water moccasin and a shadow imp.

Vanquished Creatures
  Sigmund (D:5)
  A black bear (D:5)
  A phantom (D:4)
  A scorpion (D:4)
  2 jellies (D:5)
  2 orc priests
  2 hounds
  Terence (D:2)
  An orc wizard (D:3)
  5 gnolls
  4 adders
  2 ufetubi
  8 orcs
  6 ball pythons
  3 endoplasms
  3 giant cockroaches
  4 goblins
  5 hobgoblins
  3 quokkas
  4 bats
  4 frilled lizards
  6 kobolds
  6 rats
75 creatures vanquished.

Notes
Turn   | Place    | Note
-------+----------+-------------------------------------------
     0 | D:1      | chopper the Troll Fighter began the quest for the Orb.
     0 | D:1      | Reached XP level 1. HP: 22/22 MP: 0/0
    23 | D:1      | You fall into a shaft and drop 1 floor!
    29 | D:2      | Noticed Terence
    37 | D:2      | HP: 1/22 [Terence/+0 flail of pain (1)]
    43 | D:2      | Killed Terence
    44 | D:2      | Reached XP level 2. HP: 9/29 MP: 1/1
    44 | D:2      | Reached XP level 3. HP: 12/36 MP: 2/2
  1299 | D:2      | Reached XP level 4. HP: 44/44 MP: 3/3
  1396 | D:3      | Reached skill level 3 in Unarmed Combat
  1480 | D:3      | Reached XP level 5. HP: 53/53 MP: 4/4
  2564 | D:3      | Found a runed translucent door.
  2564 | D:3      | Noticed Splishie's ghost (amateur GnWn)
  2610 | D:3      | Identified the +9 rapier "Sistraupp" {vorpal, Str+2}
  2838 | D:4      | Noticed a phantom
  2850 | D:4      | Killed a phantom
  2851 | D:4      | Reached skill level 4 in Unarmed Combat
  2851 | D:4      | Reached XP level 6. HP: 55/61 MP: 5/5
  2990 | D:4      | Found Rusef's Book Boutique.
  3216 | D:5      | Entered Level 5 of the Dungeon
  3343 | D:5      | Reached skill level 1 in Short Blades
  3406 | D:5      | Found a staircase to the Ecumenical Temple.
  3434 | D:5      | Noticed Sigmund
  3517 | D:5      | Killed Sigmund
  3518 | D:5      | Reached XP level 7. HP: 56/67 MP: 6/6
  3911 | D:5      | Found a glowing golden altar of the Shining One.
  4063 | D:5      | Reached skill level 1 in Stealth
  4223 | D:5      | HP: 3/68 [water moccasin (7)]
  4225 | D:5      | Slain by an orc wizard

Illustrated notes

Levels and vault maps discovered:
D:1:      roderic_chinese_lattice_arrival, layout_rooms, minmay_split_cup_large
D:2:      layout_loops_ring, uniq_terence
D:3:      layout_loops_ring, gammafunk_ghost_grave, kennysheep_generic_room_11
D:4:      layout_cave_pools, serial_shops, kennysheep_mini_moat
D:5:      layout_basic, lemuel_crystal_altar, minmay_temple_entry_grid,
          uniq_sigmund
D:6:      minmay_polygon_palace, layout_rooms, uniq_eustachio,
          uniq_crazy_yiuf_cottage

Skill      XL: |  1  2  3  4  5  6  7 |
---------------+----------------------+-----
Dodging        | 3 |  3.8
Shields        | 3 |  3.9
Unarmed Combat | 3 4 |  4.3
Fighting       | 3 |  3.7
Short Blades   | 2 |  2.4
Stealth        | 1 |  1.0
Throwing       | |  0.8

Action                   |  1- 3 |  4- 6 |  7- 9 || total
-------------------------+-------+-------+-------++-------
Melee: Unarmed           |    75 |    64 |       ||   139
       Rapier            |       |    57 |    16 ||    73
Throw: Boomerang         |       |     7 |       ||     7
  Use: Scroll            |       |     7 |     2 ||     9
       Potion            |       |       |     2 ||     2
 Stab: Sleeping          |       |       |     1 ||     1
Armor: Robe              |    28 |    54 |    11 ||    93
Dodge: Dodged            |    22 |    71 |    10 ||   103
Block: Kite shield       |    27 |    67 |    11 ||   105

Table legend: (Time is in decaauts)
 A = Elapsed time spent in this place.
 B = Non-inter-level travel time spent in this place.
 C = Inter-level travel time spent in this place.
 D = Time resting spent in this place.
 E = Time spent auto-exploring this place.
 F = Levels seen in this place.
 G = Mean time per level.
                   A        B        C        D        E       F      G
               +--------+--------+--------+--------+--------+-----+--------+
         Total |   4262 |   4262 |      0 |    123 |      0 |   6 |  710.3 |
       Dungeon |   4262 |   4262 |      0 |    123 |      0 |   6 |  710.3 |
               +--------+--------+--------+--------+--------+-----+--------+

Top non-repeatable levels by time:
     D:3: 1296 daAuts
     D:5: 1016 daAuts
     D:2: 787 daAuts
     D:4: 581 daAuts
     D:1: 573 daAuts
     D:6: 6 daAuts
